 Dungeon Crawl Stone Soup version 0.32-a0-433-g08bcfe7efd (webtiles) character file.

Game seed: 16538192693067419306

8131 ragingrage the Carver (level 11, 0/79 HPs)
             Began as a Coglin Warper on Feb 23, 2024.
             Was an Initiate of Gozag.
             Slain by a troll (6 damage)
             ... on level 9 of the Dungeon.
             The game lasted 00:15:51 (11379 turns).

ragingrage the Carver (Coglin Warper)              Turns: 11379, Time: 00:15:52

Health: 0/79       AC: 19    Str: 11    XL:     11   Next: 26%
Magic:  13/13      EV: -2    Int: 14    God:    Gozag
Gold:   496        SH:  0    Dex: 30    Spells: 3/13 levels left

rFire   + . .        J - +9 great sword "Viurrycie" {holy, rF+ Dex+7}
rCold   . . .        (shield currently unavailable)
rNeg    . . .        l - +1 crystal plate armour
rPois   .            O - +1 helmet {SInv}
rElec   .            (no cloak)
rCorr   .            b - +0 pair of gloves
SInv    +            (no boots)
Will    .....        (no amulet) Stlth
                     s - ring of see invisible
HPRegen 0.33/turn    L - +6 ring of dexterity
MPRegen 0.13/turn

%: no passive effects
@: immotile, revved
A: off-hand wielding, slow wielding, warmup strikes, legs shutdown
a: Renounce Religion, Potion Petition, Call Merchant, Bribe Branch


You were on level 9 of the Dungeon.
You worshipped Gozag.
Gozag was aware of your devotion.
You visited 2 branches of the dungeon, and saw 10 of its levels.
You also visited: Bailey.

You collected 1095 gold pieces.
You spent 528 gold pieces at shops.
You paid 71 gold pieces to Gozag.

Inventory:

Hand Weapons
 k - a +0 short sword of protection {Synnove}
 p - a +1 dagger of draining {Arashi}
 J - the +9 great sword "Viurrycie" (weapon) {holy, rF+ Dex+7}
   (You found it on level 6 of the Dungeon)

   Dex+7:     It affects your dexterity (+7).
   rF+:       It protects you from fire.
Missiles
 d - 6 darts of dispersal
 t - 5 atropa-tipped darts
 v - 16 poisoned darts (quivered)
 H - a throwing net
 R - 25 stones
Armour
 a - a +0 kite shield of protection
 b - a +0 pair of gloves (worn)
 f - a +0 plate armour
 i - the +2 helmet of Intuition {Harm +Inv rF- Str+3}
   (You found it in a bailey)

   Str+3:     It affects your strength (+3).
   rF-:       It makes you vulnerable to fire.
   +Inv:      It lets you turn invisible.
   Harm:      It increases damage dealt and taken.
 l - a +1 crystal plate armour (worn)
 x - a +1 robe of cold resistance
 z - the +0 scale mail of Leapfrog {rElec Int+4}
   (You bought it in a shop on level 7 of the Dungeon)

   Int+4:     It affects your intelligence (+4).
   rElec:     It insulates you from electricity.
 A - a +0 scale mail of willpower
 O - a +1 helmet of see invisible (worn)
Jewellery
 s - a ring of see invisible (left grasper)
 L - a +6 ring of dexterity (right grasper)
Wands
 r - a wand of light (8)
 y - a wand of polymorph (13)
 N - a wand of paralysis (11)
 Q - a wand of flame (38)
 S - a wand of iceblast (5)
Scrolls
 c - 6 scrolls of blinking
 h - 6 scrolls of poison
 n - 2 scrolls of fog
 o - a scroll of silence {unknown}
 u - a scroll of torment {unknown}
 w - 4 scrolls of teleportation
 B - a scroll of vulnerability {unknown}
 E - a scroll of revelation {unknown}
 G - a scroll of brand weapon {unknown}
 I - 2 scrolls of noise {unknown}
 M - a scroll of acquirement {unknown}
Potions
 e - 3 potions of brilliance
 g - 3 potions of curing
 j - 4 potions of lignification
 m - a potion of might {unknown}
 q - a potion of enlightenment {unknown}
 C - a potion of mutation {unknown}
 D - 3 potions of haste
 F - a potion of ambrosia {unknown}
 K - a potion of resistance {unknown}
 P - a potion of attraction {unknown}


   Skills:
 - Level 5.0 Fighting
 - Level 9.7(11.8) Short Blades
 * Level 11.6(13.3) Long Blades
 - Level 0.8 Throwing
 - Level 2.4 Armour
 - Level 1.7 Dodging
 - Level 3.0 Stealth
 - Level 1.7 Spellcasting
 - Level 3.0 Translocations
 - Level 4.0 Evocations


You had 3 spell levels left.
You knew the following spells:

 Your Spells              Type           Power      Damage    Failure   Level
a - Blink                 Tloc           18%        N/A       100%        2
b - Manifold Assault      Tloc           9%         N/A       100%        4
c - Vhi's Electric Charg  Tloc/Air       10%        N/A       100%        4

Your spell library contained the following spells:

 Spells                   Type           Power      Damage    Failure   Level
 Apportation              Tloc           18%        N/A       100%        1
 Magic Dart               Conj           4%         1d3       100%        1
 Necrotise                Necr           4%         1d4       100%        1
 Shock                    Conj/Air       4%         1d3       100%        1
 Slow                     Hex            4%         N/A       100%        1
 Sting                    Conj/Alch      4%         1d3       100%        1
 Summon Small Mammal      Summ           4%         N/A       100%        1
 Ensorcelled Hibernation  Hex/Ice        2%         N/A       100%        2
 Lesser Beckoning         Tloc           18%        N/A       100%        2
 Searing Ray              Conj           2%         2d4       100%        2
 Confusing Touch          Hex            1%         N/A       100%        3
 Fugue of the Fallen      Necr           1%         N/A       100%        3
 Gell's Gravitas          Tloc           9%         N/A       100%        3
 Sigil of Binding         Hex            1%         N/A       100%        3
 Swiftness                Air            1%         N/A       100%        3
 Teleport Other           Tloc           9%         N/A       100%        3
 Vampiric Draining        Necr           1%         2d6       100%        3
 Airstrike                Air            0%         2d(1-17)  100%        4
 Anguish                  Hex/Necr       0%         N/A       100%        4
 Fulminant Prism          Conj/Alch      0%         3d5       100%        4


Dungeon Overview and Level Annotations

Branches:
Dungeon (9/15)             Temple (1/1) D:6            Lair (0/5) D:9
 Bailey (visited)
    Orc: D:9-12

Altars:
Ashenzari
Cheibriados
Dithmenos
Elyvilon
Fedhas
Gozag
Hepliaklqana
Kikubaaqudgha
Makhleb
Nemelex Xobeh
Okawaru
Qazlal
Ru
Trog
Uskayaw
Vehumet
Wu Jian
Xom
Zin
The Shining One

Shops:
D:7 [   D:8 *

Annotations:
D:4 exclusion: downstairs
D:6 1 transporter
D:7 1 exclusion
D:8 exclusion: downstairs
D:9 Harold


Innate Abilities, Weirdness & Mutations

You can wield a second weapon in your off-hand.
It takes a long time for you to wield or remove held weapons.
Your first few attacks do less damage.
Attacking and casting redirects power from your legs.


Message History

v - 15 poisoned darts (gained 1)
v - 16 poisoned darts (gained 1)
There is a large open door here.
w - 4 scrolls of teleportation (gained 1)
h - 5 scrolls of poison (gained 1)
You now have 476 gold pieces (gained 9).
K - an inky potion
c - 6 scrolls of blinking (gained 1)
There is a large open door here.
You now have 496 gold pieces (gained 20).
Q - a wand of flame (38) (gained 15 charges)
h - 6 scrolls of poison (gained 1)
You open the door.
There is an open door here.
You open the door.
A troll comes into view.
The troll shouts!
Found a stone staircase leading down.
You slice the troll!! The troll bites you!
The troll claws you but does no damage. x2
You hit the troll.
A howler monkey comes into view.
The troll bites you but does no damage.
The troll claws you but does no damage. x2
The howler monkey howls!
You hit the troll. The troll bites you!
The troll claws you but does no damage. x2
You hit the troll but do no damage. The troll bites you.
The troll claws you but does no damage. The troll claws you!
You hit the troll. The troll bites you! The troll claws you but does no damage.
The troll claws you!
* * * LOW HITPOINT WARNING * * *
You barely miss the troll. The troll bites you but does no damage.
The troll claws you but does no damage. The troll claws you.
* * * LOW HITPOINT WARNING * * *
You closely miss the troll.
The howler monkey hoots and howls with incredible vigour!
The troll bites you!
* * * LOW HITPOINT WARNING * * *
The troll claws you but does no damage. The troll claws you.
You die...
Your body crumbles into a pile of gold.

#.##
#.......
#.#
#.......
#.#
#.<.....
#.#
#.......
#.#
#.......
#.#
#.......
###.#
#.......
#...#
####+###
#@### #T#
.h. .....
#......
#.......
#.>.....#
#.......#


You could see a troll and a howler monkey.

Vanquished Creatures
  A centaur warrior (D:9)
  2 two-headed ogres
  Grinder (D:5)
  A shadow (D:9)
  3 wyverns
  6 yaks (D:8)
  3 steam dragons
  2 acid dragons (D:8)
  Duvessa (D:4)
  8 orc warriors
  3 ice beasts
  A black bear (D:9)
  3 wolves (D:9)
  3 ogres
  2 centaurs
  2 phantoms (D:4)
  A kobold brigand (D:8)
  2 bullfrogs
  2 gnoll sergeants
  3 scorpions
  8 wights
  Dowan (D:4)
  3 howler monkeys (D:9)
  3 jellies
  2 bombardier beetles
  6 orc priests
  3 hounds
  2 sleepcaps (D:5)
  A gnoll bouda (D:8)
  4 iguanas
  5 orc wizards
  11 gnolls
  3 adders
  2 white imps
  6 ufetubi
  2 dart slugs
  2 ribbon worms (D:4)
  42 orcs
  6 endoplasms
  5 giant cockroaches
  10 goblins
  7 hobgoblins
  4 jackals
  8 kobolds
  5 quokkas
  9 ball pythons
  2 frilled lizards
  8 rats
220 creatures vanquished.

Vanquished Creatures (others)
  A kobold (D:8)
1 creature vanquished.

Grand Total: 221 creatures vanquished

Notes
Turn   | Place    | Note
-------+----------+-------------------------------------------
     0 | D:1      | ragingrage the Coglin Warper began the quest for the Orb.
     0 | D:1      | Reached XP level 1. HP: 16/16 MP: 3/3
   120 | D:1      | Reached XP level 2. HP: 22/22 MP: 4/4
   250 | D:1      | Found a faded altar of an unknown god.
   545 | D:1      | Reached skill level 1 in Stealth
   694 | D:1      | Reached skill level 3 in Long Blades
   714 | D:2      | Reached XP level 3. HP: 27/27 MP: 5/5
  1032 | D:2      | Found a shadowy altar of Dithmenos.
  1343 | D:2      | Reached XP level 4. HP: 33/33 MP: 6/6
  1767 | D:3      | Reached skill level 1 in Short Blades
  1801 | D:3      | Reached XP level 5. HP: 15/38 MP: 7/7
  2552 | D:3      | Reached XP level 6. HP: 17/44 MP: 8/8
  2667 | D:4      | Learned a level 2 spell: Blink
  2786 | D:4      | Noticed an ice beast
  2798 | D:4      | Killed an ice beast
  2986 | D:4      | Reached skill level 5 in Short Blades
  3008 | D:4      | Reached XP level 7. HP: 30/50 MP: 9/9
  3108 | D:4      | Noticed Duvessa
  3109 | D:4      | Noticed Dowan
  3120 | D:4      | Killed Duvessa
  3127 | D:4      | Killed Dowan
  3396 | D:4      | Found a glowing golden altar of the Shining One.
  3834 | D:5      | Entered Level 5 of the Dungeon
  3944 | D:4      | Reached XP level 8. HP: 45/56 MP: 10/10
  4101 | D:5      | Noticed Grinder
  4729 | D:5      | Killed Grinder
  4960 | D:6      | Noticed a two-headed ogre
  4982 | D:6      | Killed a two-headed ogre
  4983 | D:6      | Reached XP level 9. HP: 28/62 MP: 11/11
  5113 | D:6      | Identified the +9 great sword "Viurrycie" {holy, rF+ Dex+7}
  5690 | D:6      | Reached skill level 4 in Long Blades
  5824 | D:6      | Identified the +7 mace "Wypn" {flame, rN+}
  5999 | D:6      | Found a sparkling altar of Nemelex Xobeh.
  6000 | D:6      | Found a transporter.
  6000 | D:6      | Noticed a purple ugly thing
  6084 | D:6      | Reached skill level 5 in Long Blades
  6178 | D:6      | Reached skill level 5 in Fighting
  6337 | D:6      | Found a staircase to the Ecumenical Temple.
  6346 | Temple   | Entered the Ecumenical Temple
  6362 | Temple   | Became a worshipper of Gozag Ym Sagoz the Greedy
  6584 | D:7      | Found a flagged portal.
  6597 | D:7      | Reached XP level 10. HP: 38/74 MP: 12/12
  6601 | D:7      | Reached skill level 6 in Long Blades
  6710 | Bailey   | Entered a bailey
  7214 | Bailey   | Learned a level 4 spell: Manifold Assault
  7219 | Bailey   | Learned a level 4 spell: Vhi's Electric Charge
  7787 | Bailey   | Reached skill level 7 in Long Blades
  8095 | Bailey   | Identified the +2 helmet of Intuition {Harm +Inv rF- Str+3}
  8403 | D:7      | Found Cahetoi's Antique Armour Shoppe.
  8758 | D:7      | Bought a faintly glowing scale mail for 216 gold pieces
  8758 | D:7      | Identified the +0 scale mail of Leapfrog {rElec Int+4} (You
                  | bought it in a shop on level 7 of the Dungeon)
  8758 | D:7      | Bought a glowing helmet for 180 gold pieces
  8835 | D:8      | Reached skill level 8 in Long Blades
  9021 | D:8      | Found Edizxas's Demolitions Depot.
  9131 | D:8      | Reached skill level 9 in Long Blades
  9839 | D:8      | Bought a wand of iceblast (5) for 132 gold pieces
  9967 | D:9      | Noticed Harold
  9971 | D:8      | Reached skill level 1 in Armour
 10215 | D:9      | Reached skill level 10 in Long Blades
 10430 | D:9      | Reached XP level 11. HP: 42/79 MP: 13/13
 10668 | D:9      | Found a staircase to the Lair.
 11060 | D:9      | Noticed a centaur warrior
 11067 | D:9      | Killed a centaur warrior
 11068 | D:9      | Reached skill level 11 in Long Blades
 11224 | D:9      | Noticed a two-headed ogre
 11233 | D:9      | Killed a two-headed ogre
 11379 | D:9      | Slain by a troll

Illustrated notes

Levels and vault maps discovered:
D:1:      dpeg_arrival_radiant, layout_basic,
          dreamdust_ecumenical_altar_statues, chequers_serial_rivers_micro_c
D:2:      minmay_angry_zag, layout_loops_ring, basic_altar, minmay_circle_x
D:3:      layout_basic, serial_bayou_lagoon_a, kennysheep_generic_room_13
D:4:      layout_basic, mainiacjoe_overflow_surrounded_room, uniq_duvessa
D:5:      layout_rooms, uniq_grinder
D:6:      layout_cave_pools, grunt_nemelex_the_gamble, minmay_temple_entry_ruins
D:7:      layout_loops_ring, enter_bailey_2, serial_shops, shop,
          minmay_misc_feat_tower
D:8:      layout_basic, grunt_decor_mini_mirrors, nicolae_blasting_shop,
          corexii_hall_statues_l
D:9:      layout_roguey, minmay_lair_entry_grove, lightli_fourway_metalbox,
          uniq_harold
Temple:   regret_index_temple_mists

Skill      XL: |  1  2  3  4  5  6  7  8  9 10 11 |
---------------+----------------------------------+-----
Stealth        | 1 2 3 |  3.0
Long Blades    | 3 5 10 11 | 11.6
Short Blades   | 2 3 5 7 9 |  9.7
Evocations     | 2 4 |  4.0
Fighting       | 5 |  5.0
Armour         | 2 |  2.4
Throwing       | |  0.8
Dodging        | |  1.7
Spellcasting   | |  1.7
Translocations | |  3.0

Action                     |  1- 3 |  4- 6 |  7- 9 | 10-12 || total
---------------------------+-------+-------+-------+-------++-------
  Melee: Falchion          |    96 |     1 |       |       ||    97
         Dagger            |    14 |   160 |   194 |       ||   368
         Short sword       |    24 |   149 |   187 |       ||   360
         Unarmed           |       |       |    19 |       ||    19
         Great sword       |       |       |    67 |   146 ||   213
  Throw: Dart              |       |     1 |    22 |     9 ||    32
  Evoke: Wand              |       |       |     2 |     1 ||     3
    Use: Potion            |       |     2 |       |       ||     2
         Scroll            |       |       |       |     6 ||     6
   Stab: Invisible         |       |       |     3 |       ||     3
         Confused          |       |       |     1 |       ||     1
         Distracted        |       |       |       |     1 ||     1
         Sleeping          |       |       |       |     1 ||     1
 Armour: Leather armour    |     7 |       |       |       ||     7
         Plate armour      |    90 |   122 |    34 |       ||   246
         Scale mail        |       |       |   129 |    58 ||   187
         Skin              |       |       |     4 |       ||     4
         Crystal plate arm |       |       |       |   160 ||   160
  Dodge: Dodged            |    27 |    14 |    91 |    42 ||   174

Table legend: (Time is in decaauts)
 A = Elapsed time spent in this place.
 B = Non-inter-level travel time spent in this place.
 C = Inter-level travel time spent in this place.
 D = Time resting spent in this place.
 E = Time spent auto-exploring this place.
 F = Levels seen in this place.
 G = Mean time per level.
                   A        B        C        D        E       F      G
               +--------+--------+--------+--------+--------+-----+--------+
         Total |  11353 |  10776 |    577 |   3664 |   4798 |  11 | 1032.1 |
       Dungeon |   9817 |   9282 |    535 |   2707 |   4641 |   9 | 1090.8 |
        Temple |     43 |      1 |     42 |      0 |      0 |   1 |   43.0 |
        Bailey |   1492 |   1492 |      0 |    957 |    157 |   1 | 1492.0 |
               +--------+--------+--------+--------+--------+-----+--------+

Top non-repeatable levels by time:
  Bailey: 1492 daAuts
     D:4: 1474 daAuts
     D:8: 1421 daAuts
     D:5: 1291 daAuts
     D:9: 1190 daAuts
     D:3: 1064 daAuts
     D:6: 1007 daAuts
     D:2: 808 daAuts
     D:7: 789 daAuts
     D:1: 770 daAuts
  Temple: 43 daAuts
